 Dungeon Sprint DCSS version 0.19-a0-49-gb8736b8 (webtiles) character file.

1211 FitzyFitz the Blocker (level 8, -9/82 HPs)
             Began as a Minotaur Fighter on May 6, 2016.
             Was a Believer of Makhleb.
             Mangled by a water elemental (18 damage)
             ... in the Dungeon (Sprint V: "Ziggurat Sprint").
             The game lasted 00:03:35 (168 turns).

FitzyFitz the Blocker (Minotaur Fighter)             Turns: 168, Time: 00:03:35

Health: -9/82      AC:  9    Str: 35    XL:     8   Next: 22%
Magic:  3/7        EV:  5    Int:  5    God:    Makhleb [**....]
Gold:   0          SH:  0    Dex: 10    Spells: 0 memorised, 7 levels left

rFire  . . .     SeeInvis .     N - +6 shillelagh "Devastator" {shatter}
rCold  . . .     Gourm    .     b - +0 scale mail
rNeg   . . .     Faith    .     c - +0 shield
rPois  .         Spirit   .     (helmet restricted)
rElec  .         Dismiss  .     (no cloak)
rCorr  .         Reflect  .     (no gloves)
SustAt .         Harm     .     (no boots)
MR     .....     NoTele   +     (no amulet)
Stlth  ..........               E - +6 ring of strength
                                D - +6 ring of strength

@: held, not resistant to hostile enchantments, extremely unstealthy
A: retaliatory headbutt, horns 2
a: Minor Destruction, Renounce Religion


You were in the Dungeon.
You worshipped Makhleb.
Makhleb was pleased with you.
You were not hungry.

You visited 1 branch

Inventory:

Hand Weapons
 a - a +0 flail
 o - the +10 dark maul {crush}
   (You found it in the Dungeon)

   It inflicts extra damage upon your enemies.
 L - the +11 Mace of Variability {chaos}
   (You found it in the Dungeon)

   Each time it hits an enemy it has a different, random effect.
 M - the +7 great mace "Firestarter" {inner flame, rF++}
   (You found it in the Dungeon)

   It has been specially enchanted to burn those struck by it, causing extra
   injury to most foes and up to half again as much damage against particularly
   susceptible opponents.
   It greatly protects you from fire.
 N - the +6 shillelagh "Devastator" (weapon) {shatter}
   (You found it in the Dungeon)
 O - a +5 demon whip
 P - a +5 great mace
 X - a +2 morningstar of protection
Armour
 b - a +0 scale mail (worn)
 c - a +0 shield (worn)
 J - the +15 Maxwell's patent armour {-Cast -Tele rElec MR+ rCorr}
   (You found it in the Dungeon)

   It insulates you from electricity.
   It affects your resistance to hostile enchantments.
   It prevents spellcasting.
   It prevents most forms of teleportation.
   It protects you from acid and corrosion.
 K - the +18 shield of the gong {rElec rN+ MR+ EV-5}
   (You found it in the Dungeon)

   It affects your evasion (-5).
   It insulates you from electricity.
   It protects you from negative energy.
   It affects your resistance to hostile enchantments.
 Q - a +5 crystal plate armour
 R - a +5 fire dragon armour
 S - a +5 gold dragon armour
 T - a +5 ice dragon armour
 U - a +5 plate armour
 V - a +5 shadow dragon armour
 W - a +5 storm dragon armour
Jewellery
 y - a +6 ring of dexterity
 A - a +6 ring of dexterity
 B - a +6 ring of intelligence
 C - a +6 ring of intelligence
 D - a +6 ring of strength (left hand)
 E - a +6 ring of strength (right hand)
Wands
 F - a wand of disintegration (7/24)
 G - a wand of iceblast (2/15)
 H - a wand of lightning (5/15)
 I - a wand of acid (5/15)
Scrolls
 k - 4 scrolls of blinking
 q - 4 scrolls of amnesia
 r - 3 scrolls of recharging
 s - 7 scrolls of fog
 t - a scroll of holy word
 u - 5 scrolls of identify
 v - 5 scrolls of remove curse
 w - 2 scrolls of fear
Potions
 d - 6 potions of might
 e - 10 potions of curing
 g - 10 potions of heal wounds
 h - 6 potions of haste
 i - 7 potions of magic
 j - 3 potions of berserk rage
 l - 2 potions of brilliance
 m - 2 potions of invisibility
 n - 4 potions of resistance
 p - 5 potions of agility
Miscellaneous
 Z - a phial of floods
Comestibles
 f - 5 bread rations
 x - 42 fruits
 z - 4 meat rations
 Y - a chunk of flesh


   Skills:
 + Level 11.4 Fighting
 + Level 11.1 Maces & Flails
 + Level 11.4 Armour
 + Level 11.5 Shields


You had 7 spell levels left.
You didn't know any spells.

Dungeon Overview and Level Annotations

Branches:
Dungeon (1/1)

Altars:
Ashenzari
Cheibriados
Dithmenos
Elyvilon
Fedhas
Gozag
Kikubaaqudgha
Makhleb
Nemelex Xobeh
Okawaru
Pakellas
Qazlal
Ru
Sif Muna
Trog
Vehumet
Xom
Yredelemnul
Zin
The Shining One
Beogh
Jiyva
Lugonu


Innate Abilities, Weirdness & Mutations

You reflexively headbutt those who attack you in melee.
You have a pair of horns on your head.


Message History

The water elemental, the deep elf magi and the vampiric long sword shudder.
The water elemental is almost destroyed.
The deep elf mage is heavily wounded.
The deep elf mage is severely wounded.
Your headbutt misses the water elemental.
The water elemental is almost destroyed.
The vampiric long sword hits you but does no damage.
The redback bites you. The water elemental hits you.
The jumping spider pounces on you!
You are caught in a web!
The jumping spider bites you.
Unknown command.
Unknown command.
You disentangle yourself.
The vampiric long sword hits you!!
* * * LOW HITPOINT WARNING * * *
You block the redback's attack. The jumping spider pounces on you.
* * * LOW HITPOINT WARNING * * *
You are caught in a web!
The jumping spider bites you.
* * * LOW HITPOINT WARNING * * *
The water elemental hits you!!
You die...

▓▓▓▓▓▓▓▓▓▓▓▓▓▓▓▓▓▓▓
▓.8©8.▓.8©8.▓.8©8.▓
▓..)}.▓.:...▓.....▓
▓..)..▓.....▓.=...▓
▓..e..▓.....▓.....▓
▓.E(s.▓.....▓.....▓
▓.e@s.▓..)).▓.....▓
▓.....▓.....▓▓▓▓▓▓▓
▓▓▓▓▓▓▓▓▓▓▓▓▓


You could see a water elemental, 2 deep elf magi, a jumping spider, a redback
and a vampiric long sword.

Vanquished Creatures
  3 draconians (D)
  An eye of draining (D)
  An ooze (D)
5 creatures vanquished.

Notes
Turn   | Place    | Note
--------------------------------------------------------------
     0 | D        | FitzyFitz the Minotaur Fighter began the quest for the Orb.
     0 | D        | Reached XP level 1. HP: 19/19 MP: 0/0
     0 | D        | Found a viscous altar of Jiyva.
     0 | D        | Found a roughly hewn altar of Beogh.
     0 | D        | Found a corrupted altar of Lugonu.
     0 | D        | Found a white marble altar of Elyvilon.
     0 | D        | Found a sparkling altar of Nemelex Xobeh.
     1 | D        | Found a burning altar of Makhleb.
     1 | D        | Found an iron altar of Okawaru.
     1 | D        | Found a deep blue altar of Sif Muna.
     1 | D        | Found a radiant altar of Vehumet.
     1 | D        | Found a bloodstained altar of Trog.
     1 | D        | Found a shimmering altar of Xom.
    44 | D        | Became a worshipper of Makhleb the Destroyer
    48 | D        | Reached skill level 5 in Fighting
    48 | D        | Reached skill level 5 in Maces & Flails
    48 | D        | Reached skill level 5 in Armour
    48 | D        | Reached skill level 5 in Shields
    48 | D        | Reached XP level 2. HP: 30/30 MP: 1/1
   125 | D        | Entered arena 1.
   125 | D        | Noticed an eye of draining
   129 | D        | Killed an eye of draining
   129 | D        | Reached * piety under Makhleb
   129 | D        | Reached XP level 3. HP: 39/39 MP: 0/2
   129 | D        | Reached XP level 4. HP: 47/47 MP: 0/3
   139 | D        | Entered arena 2.
   139 | D        | Noticed a draconian
   139 | D        | Noticed a draconian
   139 | D        | Noticed a draconian
   144 | D        | Killed a draconian
   144 | D        | Reached XP level 5. HP: 58/58 MP: 1/4
   144 | D        | Reached XP level 6. HP: 66/66 MP: 1/5
   146 | D        | Killed a draconian
   146 | D        | Reached skill level 10 in Fighting
   146 | D        | Reached skill level 10 in Maces & Flails
   146 | D        | Reached skill level 10 in Armour
   146 | D        | Reached skill level 10 in Shields
   146 | D        | Reached XP level 7. HP: 73/73 MP: 1/6
   148 | D        | Killed a draconian
   148 | D        | Reached ** piety under Makhleb
   148 | D        | Reached XP level 8. HP: 82/82 MP: 1/7
   160 | D        | Identified Sif Muna's Handbook of Excruciating Dislocation (You found it in the Dungeon)
   161 | D        | Entered arena 3.
   161 | D        | Noticed a deep elf mage
   161 | D        | Noticed a vampiric long sword
   161 | D        | Noticed a deep elf mage
   166 | D        | Noticed a jumping spider
   168 | D        | Mangled by a water elemental

Vault maps used:
D:        sprint_v

Skill      XL: |  1  2  3  4  5  6  7 |
---------------+----------------------+-----
Fighting       | 5 7 9 10 11 | 11.4
Maces & Flails | 5 6 9 10 11 | 11.1
Armour         | 5 7 9 10 11 | 11.4
Shields        | 5 7 9 10 11 | 11.5

Action                   |  1- 3 |  4- 6 |  7- 9 || total
-------------------------+-------+-------+-------++-------
Melee: Shillelagh        |     2 |     4 |     7 ||    13
       Headbutt          |       |       |     2 ||     2
Evoke: Wand              |       |     3 |       ||     3
  Use: Potion            |     1 |       |       ||     1
Armor: Scale mail        |       |       |     2 ||     2
Dodge: Dodged            |       |     2 |     2 ||     4
Block: Shield            |     1 |     5 |     3 ||     9
